[ AOE2 MATCH · #497874686 ]
UnrankedBohemians vs Persians
[ REPLAY ANALYSIS · EXTRACTED FROM THE RECORDED GAME ]
Feudal
15:05
Castle
21:20
Imperial
—
| APM avg | 35.7 |
| APM peak | 67 |
| eAPM avg | 20.7 |
| Villagers / military | 61 / 109 |
Focus
⚔️ 18.2% · 🌾 81.8%
Skirmisher ×84 · Hussite Wagon ×15 · Spearman ×4 · Battering Ram ×4 · Monk ×1 · Mangonel ×1
Feudal
16:28
Castle
21:15
Imperial
34:51
| APM avg | 15.0 |
| APM peak | 35 |
| eAPM avg | 11.9 |
| Villagers / military | 160 / 26 |
Focus
⚔️ 17.4% · 🌾 82.6%
War Elephant ×21 · Scout Cavalry ×2 · Trebuchet (Packed) ×2 · Monk ×1
Feudal
15:32
Castle
21:12
Imperial
—
| APM avg | 15.0 |
| APM peak | 40 |
| eAPM avg | 8.7 |
| Villagers / military | 62 / 39 |
Focus
⚔️ 28.7% · 🌾 71.3%
Skirmisher ×24 · Knight ×12 · Spearman ×3
Feudal
17:24
Castle
21:27
Imperial
39:20
| APM avg | 17.0 |
| APM peak | 39 |
| eAPM avg | 13.3 |
| Villagers / military | 123 / 108 |
Focus
⚔️ 28.2% · 🌾 71.8%
Cavalry Archer ×59 · Battle Elephant ×42 · Trebuchet (Packed) ×6 · Skirmisher ×1
Feudal
16:25
Castle
24:30
Imperial
42:13
| APM avg | 11.2 |
| APM peak | 26 |
| eAPM avg | 7.5 |
| Villagers / military | 73 / 52 |
Focus
⚔️ 28.9% · 🌾 71.1%
Samurai ×50 · Trebuchet (Packed) ×2
Feudal
16:10
Castle
26:08
Imperial
40:19
| APM avg | 28.6 |
| APM peak | 81 |
| eAPM avg | 12.2 |
| Villagers / military | 114 / 85 |
Focus
⚔️ 25.1% · 🌾 74.9%
War Elephant ×75 · Scout Cavalry ×5 · Knight ×3 · Monk ×2
Feudal
13:39
Castle
32:22
Imperial
—
| APM avg | 18.6 |
| APM peak | 88 |
| eAPM avg | 8.2 |
| Villagers / military | 36 / 39 |
Focus
⚔️ 26.5% · 🌾 73.5%
Spearman ×17 · Scout Cavalry ×7 · Steppe Lancer ×5 · Archer ×4 · Skirmisher ×4 · Knight ×1
Feudal
17:45
Castle
25:33
Imperial
48:50
| APM avg | 16.9 |
| APM peak | 45 |
| eAPM avg | 9.4 |
| Villagers / military | 97 / 51 |
Focus
⚔️ 30.9% · 🌾 69.1%
War Wagon ×33 · Monk ×14 · Petard ×4
Match map
Initial resources + every placement click. Lines = walls · curves = elevation contours. ◆ gold · ⬟ stone · ● berries · ✦ relic · ◌ wall gap
Your base· Open — unwalled flank
Seheiah's base· ✓ Closed at 21:15 · 46t walls · 2 gate(s)
BiggM4k's base· Open — unwalled flank
yoramir's base· Open — 11t gap
scott.hurstell's base· ✓ Closed at 24:30 · 34t walls · 3 gate(s)
[RbF] Stickly's base· Open — unwalled flank
Crooked Cops's base· Open — unwalled flank
vibhuyasha's base· Open — 15t gap
Smoothed initial terrain · ◌ = detected wall gap · hover for details
Inputs per minute
— CDLP_Themachine - - Seheiah
Build order — CDLP_Themachine
First 150 of 190 actions detected
| 1:48 | Build | Town Center |
| 4:10 | Build | House |
| 4:21 | Queue | Villager (Male) |
| 4:22 | Queue | Villager (Male) |
| 4:22 | Queue | Villager (Male) |
| 4:22 | Queue | Villager (Male) |
| 4:22 | Queue | Villager (Male) |
| 5:54 | Queue | Villager (Male) |
| 5:54 | Queue | Villager (Male) |
| 6:02 | Research | Loom |
| 6:05 | Build | House |
| 6:12 | Build | Lumber Camp |
| 7:02 | Queue | Villager (Male) |
| 7:02 | Queue | Villager (Male) |
| 7:02 | Queue | Villager (Male) |
| 8:10 | Queue | Villager (Male) |
| 8:11 | Queue | Villager (Male) |
| 8:11 | Queue | Villager (Male) |
| 8:11 | Queue | Villager (Male) |
| 8:30 | Build | House |
| 8:49 | Build | House |
| 9:17 | Queue | Villager (Male) |
| 9:18 | Queue | Villager (Male) |
| 9:18 | Queue | Villager (Male) |
| 9:18 | Queue | Villager (Male) |
| 9:52 | Queue | Villager (Male) |
| 9:52 | Queue | Villager (Male) |
| 10:26 | Queue | Villager (Male) |
| 11:14 | Queue | Villager (Male) |
| 11:14 | Queue | Villager (Male) |
| 11:28 | Build | Mill |
| 12:55 | Research | Feudal Age |
| 13:08 | Build | Barracks |
| 13:27 | Build | House |
| 13:35 | Queue | Villager (Male) |
| 13:35 | Queue | Villager (Male) |
| 14:23 | Build | Mining Camp |
| 15:05 | Age | Feudal Age |
| 15:13 | Build | Blacksmith |
| 15:44 | Build | Market |
| 17:51 | Build | Farm |
| 18:13 | Build | House |
| 18:19 | Build | House |
| 18:21 | Build | Palisade Wall |
| 18:40 | Research | Castle Age |
| 18:40 | Research | Castle Age |
| 18:44 | Research | Double-Bit Axe |
| 19:10 | Queue | Spearman |
| 19:10 | Queue | Spearman |
| 19:11 | Queue | Spearman |
| 19:37 | Build | Mining Camp |
| 20:24 | Queue | Spearman |
| 20:28 | Research | Wheelbarrow |
| 21:20 | Age | Castle Age |
| 22:15 | Queue | Villager (Male) |
| 22:15 | Queue | Villager (Male) |
| 22:52 | Queue | Villager (Male) |
| 22:52 | Queue | Villager (Male) |
| 23:41 | Build | Castle |
| 23:58 | Build | Siege Workshop |
| 24:18 | Build | Town Center |
| 24:20 | Queue | Villager (Male) |
| 24:21 | Queue | Villager (Male) |
| 24:23 | Build | Farm |
| 24:24 | Build | Farm |
| 24:43 | Build | Archery Range |
| 24:50 | Build | Palisade Wall |
| 24:54 | Build | House |
| 24:59 | Build | Farm |
| 25:33 | Queue | Battering Ram |
| 25:43 | Queue | Hussite Wagon |
| 25:43 | Queue | Hussite Wagon |
| 25:47 | Queue | Villager (Male) |
| 25:47 | Queue | Villager (Male) |
| 26:20 | Queue | Villager (Male) |
| 26:20 | Queue | Villager (Male) |
| 26:30 | Build | Palisade Wall |
| 26:31 | Build | Palisade Wall |
| 26:36 | Build | Palisade Wall |
| 26:53 | Queue | Hussite Wagon |
| 27:03 | Queue | Villager (Male) |
| 27:04 | Queue | Villager (Male) |
| 27:44 | Build | House |
| 27:44 | Build | House |
| 27:45 | Build | House |
| 27:49 | Build | Monastery |
| 27:52 | Build | University |
| 27:55 | Queue | Villager (Male) |
| 27:55 | Queue | Villager (Male) |
| 27:56 | Queue | Villager (Male) |
| 28:32 | Build | Farm |
| 28:33 | Build | Farm |
| 29:12 | Build | Farm |
| 29:17 | Queue | Villager (Male) |
| 29:17 | Queue | Villager (Male) |
| 29:18 | Queue | Villager (Male) |
| 30:01 | Build | Farm |
| 30:03 | Research | Horse Collar |
| 30:47 | Queue | Hussite Wagon |
| 31:10 | Build | House |
| 31:13 | Research | Elite Skirmisher (upgrade) |
| 31:45 | Build | Archery Range |
| 32:00 | Queue | Skirmisher |
| 32:03 | Research | Fletching |
| 32:25 | Queue | Skirmisher ×5 |
| 32:25 | Queue | Skirmisher ×5 |
| 32:25 | Queue | Skirmisher ×5 |
| 32:26 | Queue | Skirmisher ×5 |
| 32:38 | Queue | Hussite Wagon |
| 33:29 | Build | Archery Range |
| 34:41 | Queue | Hussite Wagon |
| 35:27 | Research | Bodkin Arrow |
| 35:35 | Queue | Monk |
| 35:38 | Queue | Villager (Male) |
| 35:38 | Queue | Villager (Male) |
| 35:38 | Queue | Villager (Male) |
| 36:35 | Queue | Hussite Wagon |
| 37:06 | Build | Town Center |
| 37:30 | Build | Lumber Camp |
| 37:33 | Build | Farm |
| 37:36 | Queue | Villager (Male) |
| 37:37 | Queue | Villager (Male) |
| 37:37 | Queue | Villager (Male) |
| 37:37 | Queue | Villager (Male) |
| 37:37 | Queue | Villager (Male) |
| 37:37 | Queue | Villager (Male) |
| 37:38 | Queue | Villager (Male) |
| 37:38 | Queue | Villager (Male) |
| 37:48 | Build | House |
| 38:36 | Queue | Skirmisher ×5 |
| 38:36 | Queue | Skirmisher ×5 |
| 38:36 | Queue | Skirmisher ×5 |
| 38:37 | Queue | Skirmisher ×5 |
| 38:37 | Queue | Skirmisher ×5 |
| 38:40 | Build | House |
| 38:41 | Build | House |
| 39:14 | Build | Siege Workshop |
| 39:21 | Research | Town Watch |
| 39:26 | Queue | Skirmisher ×5 |
| 39:27 | Queue | Skirmisher ×3 |
| 39:27 | Queue | Skirmisher ×3 |
| 39:27 | Queue | Skirmisher ×3 |
| 39:31 | Build | Farm |
| 39:32 | Build | Farm |
| 39:33 | Build | Farm |
| 39:34 | Build | Farm |
| 39:36 | Build | House |
| 39:36 | Build | House |
| 39:37 | Build | House |
| 39:37 | Build | House |
Build order — Seheiah
First 150 of 345 actions detected
| 1:24 | Build | Town Center |
| 2:03 | Build | House |
| 2:07 | Build | House |
| 2:09 | Build | House |
| 2:13 | Build | House |
| 3:29 | Queue | Villager (Male) |
| 3:29 | Queue | Villager (Male) |
| 3:29 | Queue | Villager (Male) |
| 3:30 | Queue | Villager (Male) |
| 3:30 | Queue | Villager (Male) |
| 3:42 | Build | Lumber Camp |
| 4:52 | Queue | Villager (Male) |
| 5:37 | Queue | Villager (Male) |
| 6:00 | Queue | Villager (Male) |
| 6:20 | Queue | Villager (Male) |
| 7:08 | Queue | Villager (Male) |
| 8:00 | Queue | Villager (Male) |
| 8:00 | Queue | Villager (Male) |
| 8:01 | Queue | Villager (Male) |
| 8:03 | Queue | Villager (Male) |
| 8:47 | Queue | Villager (Male) |
| 9:18 | Queue | Villager (Male) |
| 9:54 | Build | Mill |
| 10:07 | Build | Barracks |
| 10:11 | Queue | Villager (Male) |
| 10:35 | Queue | Villager (Male) |
| 10:42 | Build | Palisade Wall |
| 10:51 | Build | Farm |
| 10:51 | Build | Farm |
| 10:55 | Build | Farm |
| 11:03 | Build | Farm |
| 11:07 | Queue | Villager (Male) |
| 11:28 | Build | Farm |
| 11:39 | Queue | Villager (Male) |
| 11:56 | Build | Farm |
| 11:56 | Build | Farm |
| 12:07 | Queue | Villager (Male) |
| 12:14 | Build | Farm |
| 12:34 | Build | Farm |
| 12:38 | Build | House |
| 12:49 | Queue | Villager (Male) |
| 13:09 | Build | Farm |
| 13:13 | Queue | Villager (Male) |
| 13:23 | Build | Farm |
| 13:31 | Queue | Villager (Male) |
| 13:34 | Build | Farm |
| 13:42 | Build | Farm |
| 14:12 | Build | Farm |
| 14:12 | Build | Farm |
| 14:24 | Research | Feudal Age |
| 14:50 | Build | House |
| 15:07 | Build | Mining Camp |
| 15:20 | Queue | Villager (Male) |
| 16:04 | Queue | Villager (Male) |
| 16:28 | Age | Feudal Age |
| 16:30 | Build | Blacksmith |
| 16:34 | Build | Stable |
| 16:43 | Queue | Villager (Male) |
| 16:50 | Research | Double-Bit Axe |
| 16:57 | Research | Horse Collar |
| 17:33 | Build | Farm |
| 17:43 | Build | House |
| 18:00 | Build | Gate |
| 18:04 | Queue | Villager (Male) |
| 18:09 | Queue | Villager (Male) |
| 18:15 | Build | Farm |
| 18:46 | Research | Castle Age |
| 19:02 | Build | Stone Wall |
| 19:15 | Build | Stone Wall |
| 19:22 | Build | Stone Wall |
| 19:41 | Build | Stone Wall |
| 20:00 | Build | Stone Wall |
| 20:04 | Build | Gate |
| 20:07 | Queue | Villager (Male) |
| 20:08 | Queue | Villager (Male) |
| 20:19 | Queue | Scout Cavalry |
| 20:20 | Queue | Scout Cavalry |
| 20:31 | Queue | Villager (Male) |
| 21:15 | Age | Castle Age |
| 21:18 | Queue | Villager (Male) |
| 21:19 | Queue | Villager (Male) |
| 21:27 | Build | Monastery |
| 21:31 | Queue | Villager (Male) |
| 21:44 | Build | House |
| 21:51 | Build | House |
| 22:28 | Queue | Villager (Male) |
| 22:39 | Queue | Villager (Male) |
| 23:05 | Build | Town Center |
| 23:13 | Queue | Villager (Male) |
| 23:46 | Queue | Villager (Male) |
| 24:01 | Build | House |
| 24:04 | Build | House |
| 24:06 | Build | House |
| 24:08 | Build | House |
| 24:10 | Build | House |
| 24:35 | Queue | Villager (Male) |
| 24:35 | Queue | Villager (Male) |
| 24:38 | Queue | Villager (Male) |
| 24:38 | Queue | Villager (Male) |
| 24:38 | Queue | Villager (Male) |
| 24:39 | Queue | Villager (Male) |
| 25:31 | Build | Lumber Camp |
| 25:34 | Queue | Villager (Male) |
| 25:36 | Queue | Villager (Male) |
| 25:37 | Queue | Villager (Male) |
| 25:56 | Queue | Villager (Male) |
| 25:56 | Queue | Villager (Male) |
| 25:57 | Queue | Villager (Male) |
| 25:58 | Queue | Villager (Male) |
| 25:58 | Queue | Villager (Male) |
| 25:58 | Queue | Villager (Male) |
| 26:08 | Build | House |
| 26:11 | Build | House |
| 26:28 | Research | Bow Saw |
| 26:54 | Build | Farm |
| 26:57 | Research | Heavy Plow |
| 27:01 | Queue | Villager (Male) |
| 27:01 | Queue | Villager (Male) |
| 27:02 | Queue | Villager (Male) |
| 27:15 | Build | Castle |
| 27:21 | Build | Mining Camp |
| 27:27 | Queue | Villager (Male) |
| 27:32 | Build | Farm |
| 27:37 | Build | Farm |
| 27:37 | Build | Farm |
| 27:41 | Queue | Monk |
| 28:25 | Queue | Villager (Male) |
| 28:26 | Queue | Villager (Male) |
| 28:52 | Queue | Villager (Male) |
| 28:52 | Queue | Villager (Male) |
| 28:57 | Queue | Villager (Male) |
| 28:58 | Queue | Villager (Male) |
| 29:02 | Queue | War Elephant |
| 29:07 | Queue | War Elephant |
| 29:22 | Build | Mill |
| 29:24 | Build | Farm |
| 29:25 | Build | Farm |
| 29:25 | Build | Farm |
| 29:25 | Build | Farm |
| 29:25 | Build | Farm |
| 29:26 | Build | Farm |
| 29:27 | Build | Farm |
| 29:35 | Queue | Villager (Male) |
| 29:38 | Queue | Villager (Male) |
| 29:38 | Queue | Villager (Male) |
| 29:38 | Queue | Villager (Male) |
| 29:45 | Build | Farm |
| 29:45 | Build | Farm |
| 29:45 | Build | Farm |
| 29:45 | Build | Farm |
Build order — BiggM4k
First 150 of 190 actions detected
| 1:18 | Build | Town Center |
| 1:33 | Build | House |
| 3:45 | Queue | Villager (Male) |
| 3:45 | Queue | Villager (Male) |
| 3:46 | Queue | Villager (Male) |
| 3:46 | Queue | Villager (Male) |
| 5:09 | Research | Loom |
| 5:31 | Build | House |
| 6:02 | Queue | Villager (Male) |
| 6:03 | Queue | Villager (Male) |
| 6:48 | Queue | Villager (Male) |
| 6:48 | Queue | Villager (Male) |
| 7:14 | Queue | Villager (Male) |
| 7:38 | Queue | Villager (Male) |
| 8:02 | Build | House |
| 8:52 | Queue | Villager (Male) |
| 8:53 | Queue | Villager (Male) |
| 8:53 | Queue | Villager (Male) |
| 8:53 | Queue | Villager (Male) |
| 10:43 | Build | Lumber Camp |
| 10:50 | Queue | Villager (Male) |
| 10:50 | Queue | Villager (Male) |
| 10:51 | Queue | Villager (Male) |
| 10:51 | Queue | Villager (Male) |
| 12:01 | Build | Mill |
| 12:14 | Build | House |
| 12:18 | Queue | Villager (Male) |
| 12:54 | Queue | Villager (Male) |
| 13:13 | Research | Feudal Age |
| 13:29 | Build | Mill |
| 13:34 | Build | Mill |
| 15:02 | Queue | Villager (Male) |
| 15:24 | Build | Mining Camp |
| 15:32 | Age | Feudal Age |
| 15:38 | Build | Barracks |
| 16:02 | Build | Lumber Camp |
| 16:05 | Queue | Villager (Male) |
| 16:05 | Queue | Villager (Male) |
| 16:06 | Queue | Villager (Male) |
| 16:24 | Build | Blacksmith |
| 17:00 | Build | House |
| 17:13 | Build | Stable |
| 17:26 | Build | House |
| 17:33 | Build | Palisade Wall |
| 18:07 | Queue | Villager (Male) |
| 18:07 | Queue | Villager (Male) |
| 18:27 | Research | Castle Age |
| 18:51 | Build | House |
| 19:04 | Build | Stable |
| 19:12 | Build | Farm |
| 19:13 | Build | Farm |
| 19:15 | Build | Farm |
| 19:16 | Build | Farm |
| 19:22 | Research | Double-Bit Axe |
| 19:26 | Research | Horse Collar |
| 20:02 | Research | Bloodlines |
| 20:10 | Queue | Spearman |
| 21:01 | Queue | Villager (Male) |
| 21:12 | Age | Castle Age |
| 21:14 | Queue | Knight |
| 21:14 | Queue | Knight |
| 21:14 | Queue | Knight |
| 21:43 | Queue | Villager (Male) |
| 21:52 | Build | Farm |
| 21:52 | Build | Farm |
| 21:53 | Build | Farm |
| 21:54 | Build | Farm |
| 22:07 | Queue | Knight |
| 22:11 | Queue | Villager (Male) |
| 22:16 | Build | Farm |
| 22:17 | Build | Farm |
| 22:17 | Build | Farm |
| 22:19 | Build | Farm |
| 22:30 | Queue | Knight |
| 23:27 | Research | Forging |
| 23:43 | Build | Farm |
| 23:44 | Build | Farm |
| 23:45 | Build | Farm |
| 23:46 | Build | Farm |
| 23:47 | Build | Farm |
| 23:50 | Queue | Villager (Male) |
| 23:50 | Queue | Villager (Male) |
| 23:50 | Queue | Villager (Male) |
| 24:19 | Research | Scale Barding Armor |
| 26:15 | Research | Chain Barding Armor |
| 26:16 | Research | Iron Casting |
| 26:19 | Queue | Knight |
| 26:20 | Queue | Knight |
| 27:23 | Queue | Knight |
| 27:23 | Queue | Knight |
| 27:23 | Queue | Knight |
| 27:31 | Research | Pikeman (upgrade) |
| 27:31 | Queue | Spearman |
| 27:31 | Queue | Spearman |
| 28:05 | Research | Scale Mail Armor |
| 28:18 | Build | House |
| 28:19 | Build | House |
| 28:20 | Build | House |
| 28:22 | Build | House |
| 28:23 | Build | House |
| 28:28 | Research | Bow Saw |
| 28:46 | Build | Town Center |
| 29:16 | Research | Heavy Plow |
| 29:19 | Research | Wheelbarrow |
| 29:59 | Build | Siege Workshop |
| 30:15 | Queue | Villager (Male) |
| 30:15 | Queue | Villager (Male) |
| 30:20 | Research | Chain Mail Armor |
| 30:30 | Queue | Villager (Male) |
| 30:30 | Queue | Villager (Male) |
| 30:40 | Build | Farm |
| 30:42 | Build | Farm |
| 30:44 | Build | Farm |
| 30:45 | Build | Farm |
| 30:48 | Queue | Villager (Male) |
| 31:02 | Build | Town Center |
| 31:44 | Build | Palisade Wall |
| 31:59 | Queue | Villager (Male) |
| 31:59 | Queue | Villager (Male) |
| 31:59 | Queue | Villager (Male) |
| 32:01 | Queue | Villager (Male) |
| 32:02 | Queue | Villager (Male) |
| 32:02 | Queue | Villager (Male) |
| 32:05 | Research | Stone Mining |
| 32:07 | Research | Gold Mining |
| 32:25 | Queue | Knight |
| 32:26 | Queue | Knight |
| 35:24 | Build | Archery Range |
| 35:43 | Research | Fletching |
| 35:43 | Research | Padded Archer Armor |
| 35:57 | Build | Archery Range |
| 35:58 | Build | Archery Range |
| 36:19 | Build | Stone Wall |
| 36:33 | Research | Elite Skirmisher (upgrade) |
| 36:37 | Research | Bodkin Arrow |
| 36:57 | Build | University |
| 37:04 | Build | Stone Wall |
| 37:11 | Queue | Skirmisher |
| 37:11 | Queue | Skirmisher |
| 37:11 | Queue | Skirmisher |
| 37:15 | Research | Leather Archer Armor |
| 38:06 | Queue | Villager (Male) |
| 38:07 | Queue | Villager (Male) |
| 38:07 | Queue | Villager (Male) |
| 38:07 | Queue | Villager (Male) |
| 38:11 | Queue | Villager (Male) |
| 38:11 | Queue | Villager (Male) |
| 38:11 | Queue | Villager (Male) |
| 38:12 | Queue | Villager (Male) |
| 38:12 | Queue | Villager (Male) |
Build order — yoramir
First 150 of 403 actions detected
| 0:35 | Build | Town Center |
| 1:42 | Build | House |
| 1:43 | Build | House |
| 2:52 | Queue | Villager (Male) |
| 2:52 | Research | Loom |
| 3:31 | Queue | Villager (Male) |
| 3:31 | Queue | Villager (Male) |
| 3:56 | Queue | Villager (Male) |
| 3:56 | Queue | Villager (Male) |
| 4:50 | Queue | Villager (Male) |
| 4:50 | Queue | Villager (Male) |
| 5:22 | Queue | Villager (Male) |
| 5:22 | Queue | Villager (Male) |
| 5:23 | Queue | Villager (Male) |
| 6:21 | Build | Mill |
| 6:30 | Queue | Villager (Male) |
| 6:30 | Queue | Villager (Male) |
| 6:31 | Queue | Villager (Male) |
| 7:09 | Queue | Villager (Male) |
| 7:21 | Build | Lumber Camp |
| 7:37 | Queue | Villager (Male) |
| 8:00 | Build | House |
| 8:04 | Build | House |
| 8:45 | Queue | Villager (Male) |
| 8:45 | Queue | Villager (Male) |
| 8:54 | Build | Farm |
| 8:55 | Build | Farm |
| 9:11 | Build | Farm |
| 9:18 | Queue | Villager (Male) |
| 9:49 | Build | Farm |
| 9:49 | Build | Farm |
| 10:12 | Build | Farm |
| 10:13 | Build | Farm |
| 10:17 | Queue | Villager (Male) |
| 10:19 | Queue | Villager (Male) |
| 10:19 | Queue | Villager (Male) |
| 10:50 | Build | Mining Camp |
| 10:58 | Queue | Villager (Male) |
| 11:35 | Queue | Villager (Male) |
| 11:36 | Queue | Villager (Male) |
| 11:45 | Build | House |
| 12:05 | Build | Mill |
| 12:12 | Queue | Villager (Male) |
| 12:32 | Build | Mill |
| 12:37 | Build | Farm |
| 12:49 | Build | Farm |
| 13:14 | Queue | Villager (Male) |
| 13:15 | Queue | Villager (Male) |
| 13:15 | Queue | Villager (Male) |
| 13:31 | Build | Farm |
| 13:32 | Build | Farm |
| 13:38 | Build | Farm |
| 14:00 | Build | Farm |
| 14:30 | Queue | Villager (Male) |
| 14:54 | Build | House |
| 14:55 | Build | House |
| 14:56 | Build | House |
| 14:58 | Build | House |
| 15:14 | Research | Feudal Age |
| 15:42 | Build | House |
| 15:43 | Build | House |
| 15:50 | Build | Palisade Wall |
| 15:51 | Build | Palisade Wall |
| 16:22 | Build | Barracks |
| 16:48 | Queue | Villager (Male) |
| 16:48 | Queue | Villager (Male) |
| 17:24 | Age | Feudal Age |
| 17:37 | Build | Blacksmith |
| 18:03 | Build | Market |
| 18:12 | Queue | Villager (Male) |
| 18:47 | Research | Castle Age |
| 18:49 | Research | Double-Bit Axe |
| 18:54 | Research | Horse Collar |
| 18:57 | Build | Farm |
| 19:30 | Research | Gold Mining |
| 19:43 | Build | Lumber Camp |
| 20:49 | Build | Stone Wall |
| 21:08 | Build | Mill |
| 21:24 | Queue | Villager (Male) |
| 21:25 | Queue | Villager (Male) |
| 21:27 | Age | Castle Age |
| 21:32 | Build | Town Center |
| 21:38 | Queue | Villager (Male) |
| 22:09 | Research | Bow Saw |
| 22:13 | Research | Heavy Plow |
| 22:24 | Build | Mining Camp |
| 22:34 | Queue | Villager (Male) |
| 22:39 | Research | Stone Mining |
| 23:14 | Queue | Villager (Male) |
| 23:15 | Queue | Villager (Male) |
| 23:15 | Queue | Villager (Male) |
| 23:15 | Queue | Villager (Male) |
| 23:23 | Research | Fletching |
| 23:36 | Research | Town Watch |
| 23:37 | Research | Wheelbarrow |
| 23:40 | Queue | Villager (Male) |
| 23:41 | Queue | Villager (Male) |
| 24:01 | Build | Archery Range |
| 24:10 | Build | Archery Range |
| 24:16 | Queue | Villager (Male) |
| 24:16 | Queue | Villager (Male) |
| 24:25 | Build | Farm |
| 24:25 | Build | Farm |
| 24:26 | Build | Farm |
| 24:26 | Build | Farm |
| 24:28 | Build | Farm |
| 25:05 | Queue | Villager (Male) |
| 25:05 | Queue | Villager (Male) |
| 25:05 | Queue | Villager (Male) |
| 25:20 | Queue | Cavalry Archer |
| 25:20 | Queue | Cavalry Archer |
| 25:37 | Queue | Villager (Male) |
| 25:37 | Queue | Villager (Male) |
| 25:58 | Research | Bodkin Arrow |
| 26:02 | Research | Padded Archer Armor |
| 26:12 | Queue | Villager (Male) |
| 26:13 | Queue | Villager (Male) |
| 26:19 | Queue | Cavalry Archer |
| 26:47 | Build | Town Center |
| 26:54 | Build | Mining Camp |
| 26:59 | Queue | Villager (Male) |
| 26:59 | Queue | Villager (Male) |
| 27:00 | Queue | Villager (Male) |
| 27:06 | Queue | Cavalry Archer |
| 27:44 | Build | Castle |
| 27:58 | Queue | Villager (Male) |
| 27:59 | Queue | Villager (Male) |
| 27:59 | Queue | Villager (Male) |
| 28:00 | Queue | Villager (Male) |
| 28:00 | Queue | Villager (Male) |
| 28:00 | Queue | Villager (Male) |
| 28:21 | Build | University |
| 28:25 | Research | Thumb Ring |
| 28:27 | Queue | Cavalry Archer |
| 28:27 | Queue | Cavalry Archer |
| 28:34 | Build | House |
| 28:36 | Build | House |
| 28:38 | Build | House |
| 28:40 | Build | House |
| 28:41 | Build | House |
| 28:45 | Build | House |
| 28:46 | Build | House |
| 28:48 | Build | House |
| 28:54 | Queue | Villager (Male) |
| 28:54 | Queue | Villager (Male) |
| 29:03 | Research | Leather Archer Armor |
| 29:15 | Queue | Villager (Male) |
| 29:15 | Queue | Villager (Male) |
| 29:22 | Queue | Cavalry Archer |
| 29:22 | Queue | Cavalry Archer |
Build order — scott.hurstell
First 150 of 241 actions detected
| 0:08 | Build | Town Center |
| 1:35 | Build | House |
| 1:36 | Build | House |
| 1:37 | Build | House |
| 2:43 | Queue | Villager (Male) |
| 2:43 | Queue | Villager (Male) |
| 2:44 | Queue | Villager (Male) |
| 2:44 | Queue | Villager (Male) |
| 3:42 | Build | Lumber Camp |
| 4:23 | Queue | Villager (Male) |
| 4:56 | Queue | Villager (Male) |
| 5:21 | Queue | Villager (Male) |
| 5:22 | Research | Loom |
| 6:04 | Queue | Villager (Male) |
| 6:06 | Queue | Villager (Male) |
| 6:31 | Queue | Villager (Male) |
| 7:07 | Queue | Villager (Male) |
| 7:07 | Queue | Villager (Male) |
| 7:36 | Build | Mill |
| 7:40 | Queue | Villager (Male) |
| 7:41 | Queue | Villager (Male) |
| 8:33 | Queue | Villager (Male) |
| 8:43 | Queue | Villager (Male) |
| 9:14 | Build | House |
| 9:18 | Build | House |
| 9:19 | Build | House |
| 9:25 | Build | Barracks |
| 9:35 | Queue | Villager (Male) |
| 9:36 | Queue | Villager (Male) |
| 10:46 | Queue | Villager (Male) |
| 10:46 | Queue | Villager (Male) |
| 10:47 | Queue | Villager (Male) |
| 10:47 | Queue | Villager (Male) |
| 11:02 | Build | Mining Camp |
| 11:48 | Queue | Villager (Male) |
| 13:15 | Build | Mining Camp |
| 14:15 | Research | Feudal Age |
| 15:45 | Queue | Villager (Male) |
| 16:25 | Age | Feudal Age |
| 16:29 | Queue | Villager (Male) |
| 16:36 | Build | Stone Wall |
| 16:38 | Build | Gate |
| 16:55 | Queue | Villager (Male) |
| 17:02 | Build | Blacksmith |
| 17:08 | Build | Stone Wall |
| 17:09 | Build | Gate |
| 17:28 | Build | Market |
| 17:30 | Queue | Villager (Male) |
| 17:43 | Queue | Villager (Male) |
| 17:52 | Build | Stone Wall |
| 17:53 | Build | Gate |
| 18:09 | Queue | Villager (Male) |
| 18:53 | Queue | Villager (Male) |
| 19:05 | Build | House |
| 19:06 | Build | House |
| 19:07 | Build | House |
| 19:11 | Queue | Villager (Male) |
| 19:49 | Build | Mill |
| 21:50 | Research | Castle Age |
| 22:38 | Build | Stone Wall |
| 22:46 | Build | Stone Wall |
| 23:24 | Build | Farm |
| 23:25 | Build | Farm |
| 23:26 | Build | Farm |
| 23:27 | Research | Horse Collar |
| 23:30 | Build | Farm |
| 23:31 | Build | Farm |
| 23:33 | Build | Farm |
| 23:36 | Build | Farm |
| 23:38 | Build | Farm |
| 23:41 | Build | Farm |
| 23:42 | Build | Farm |
| 23:44 | Build | Farm |
| 24:30 | Age | Castle Age |
| 24:34 | Queue | Villager (Male) |
| 24:34 | Queue | Villager (Male) |
| 24:42 | Queue | Villager (Male) |
| 24:43 | Queue | Villager (Male) |
| 25:08 | Build | Stone Wall |
| 25:11 | Build | Stone Wall |
| 25:17 | Build | Gate |
| 25:51 | Research | Stone Mining |
| 25:57 | Build | House |
| 25:58 | Build | House |
| 25:59 | Build | House |
| 26:07 | Queue | Villager (Male) |
| 26:29 | Build | Town Center |
| 26:54 | Build | Watch Tower |
| 26:57 | Queue | Villager (Male) |
| 26:58 | Queue | Villager (Male) |
| 27:10 | Research | Fletching |
| 27:22 | Build | House |
| 27:23 | Build | House |
| 27:24 | Build | House |
| 27:32 | Queue | Villager (Male) |
| 27:43 | Build | Town Center |
| 27:55 | Research | Gold Mining |
| 28:03 | Queue | Villager (Male) |
| 28:06 | Queue | Villager (Male) |
| 28:46 | Queue | Villager (Male) |
| 28:47 | Queue | Villager (Male) |
| 28:52 | Build | Farm |
| 29:12 | Research | Gold Shaft Mining |
| 29:34 | Queue | Villager (Male) |
| 29:34 | Queue | Villager (Male) |
| 29:34 | Queue | Villager (Male) |
| 29:34 | Queue | Villager (Male) |
| 29:35 | Queue | Villager (Male) |
| 29:45 | Build | Farm |
| 29:46 | Build | Farm |
| 29:54 | Queue | Villager (Male) |
| 29:54 | Queue | Villager (Male) |
| 30:12 | Queue | Villager (Male) |
| 30:13 | Queue | Villager (Male) |
| 30:48 | Queue | Villager (Male) |
| 31:09 | Build | Castle |
| 31:22 | Build | Farm |
| 31:25 | Queue | Villager (Male) |
| 31:25 | Queue | Villager (Male) |
| 31:36 | Build | Stone Wall |
| 31:39 | Build | Gate |
| 32:30 | Queue | Villager (Male) |
| 32:34 | Build | Farm |
| 32:35 | Build | Farm |
| 32:38 | Queue | Villager (Male) |
| 32:39 | Queue | Villager (Male) |
| 32:41 | Queue | Villager (Male) |
| 32:42 | Queue | Villager (Male) |
| 33:05 | Queue | Villager (Male) |
| 33:06 | Queue | Villager (Male) |
| 33:07 | Research | Wheelbarrow |
| 33:09 | Queue | Villager (Male) |
| 33:14 | Build | Farm |
| 33:27 | Build | Farm |
| 33:33 | Build | Farm |
| 33:38 | Queue | Villager (Male) |
| 33:45 | Build | Farm |
| 33:57 | Queue | Villager (Male) |
| 33:57 | Queue | Villager (Male) |
| 34:07 | Build | Lumber Camp |
| 34:18 | Build | Farm |
| 34:36 | Queue | Samurai |
| 34:37 | Queue | Samurai |
| 34:37 | Queue | Samurai |
| 34:37 | Queue | Samurai |
| 34:38 | Queue | Samurai |
| 34:38 | Queue | Samurai |
| 34:47 | Research | Forging |
| 34:48 | Research | Scale Mail Armor |
| 34:52 | Research | Squires |
Build order — [RbF] Stickly
First 150 of 376 actions detected
| 2:03 | Build | Town Center |
| 2:21 | Build | House |
| 4:08 | Build | House |
| 4:15 | Queue | Villager (Male) |
| 4:15 | Queue | Villager (Male) |
| 4:15 | Queue | Villager (Male) |
| 4:17 | Research | Loom |
| 4:26 | Queue | Villager (Male) |
| 4:43 | Queue | Villager (Male) |
| 5:35 | Queue | Villager (Male) |
| 6:47 | Queue | Villager (Male) |
| 7:16 | Queue | Villager (Male) |
| 7:18 | Queue | Villager (Male) |
| 7:29 | Queue | Villager (Male) |
| 7:48 | Queue | Villager (Male) |
| 8:05 | Build | House |
| 8:06 | Build | House |
| 8:09 | Queue | Villager (Male) |
| 9:25 | Build | Mill |
| 9:32 | Queue | Villager (Male) |
| 9:32 | Queue | Villager (Male) |
| 9:59 | Build | Farm |
| 10:00 | Queue | Villager (Male) |
| 10:22 | Build | Farm |
| 10:29 | Queue | Villager (Male) |
| 10:43 | Queue | Villager (Male) |
| 10:52 | Build | Farm |
| 11:12 | Build | Farm |
| 11:14 | Queue | Villager (Male) |
| 11:45 | Queue | Villager (Male) |
| 12:21 | Queue | Villager (Male) |
| 12:25 | Queue | Villager (Male) |
| 12:31 | Build | House |
| 12:33 | Build | House |
| 12:41 | Build | Farm |
| 13:04 | Queue | Villager (Male) |
| 13:04 | Queue | Villager (Male) |
| 13:19 | Build | Mining Camp |
| 13:28 | Build | Lumber Camp |
| 14:06 | Research | Feudal Age |
| 14:31 | Build | Barracks |
| 15:21 | Queue | Villager (Male) |
| 15:33 | Build | Mining Camp |
| 16:10 | Age | Feudal Age |
| 16:16 | Queue | Villager (Male) |
| 16:22 | Build | Stable |
| 16:27 | Build | House |
| 16:28 | Build | House |
| 16:30 | Build | House |
| 16:31 | Build | House |
| 16:37 | Queue | Villager (Male) |
| 16:37 | Queue | Villager (Male) |
| 17:09 | Build | Stone Wall |
| 17:26 | Build | Blacksmith |
| 17:28 | Queue | Villager (Male) |
| 17:29 | Queue | Villager (Male) |
| 17:30 | Queue | Villager (Male) |
| 17:42 | Queue | Villager (Male) |
| 17:49 | Queue | Scout Cavalry |
| 17:49 | Queue | Scout Cavalry |
| 17:51 | Research | Bloodlines |
| 17:54 | Queue | Scout Cavalry |
| 18:04 | Queue | Villager (Male) |
| 18:15 | Build | Farm |
| 18:15 | Build | Farm |
| 18:25 | Queue | Scout Cavalry |
| 18:30 | Research | Scale Barding Armor |
| 18:39 | Queue | Villager (Male) |
| 18:50 | Build | Stone Wall |
| 18:55 | Queue | Villager (Male) |
| 19:02 | Research | Double-Bit Axe |
| 19:26 | Research | Horse Collar |
| 19:33 | Build | Stone Wall |
| 19:59 | Build | Stone Wall |
| 20:10 | Queue | Scout Cavalry |
| 20:12 | Queue | Villager (Male) |
| 20:33 | Queue | Villager (Male) |
| 20:42 | Build | Farm |
| 20:42 | Build | Farm |
| 20:43 | Build | Farm |
| 21:11 | Build | Farm |
| 21:12 | Build | Farm |
| 21:22 | Build | Farm |
| 22:25 | Build | Farm |
| 22:30 | Build | Farm |
| 23:00 | Build | Stone Wall |
| 23:25 | Build | Farm |
| 23:26 | Build | Farm |
| 23:42 | Research | Castle Age |
| 23:42 | Research | Castle Age |
| 24:10 | Research | Forging |
| 26:08 | Age | Castle Age |
| 26:38 | Build | Castle |
| 26:48 | Build | Gate |
| 26:53 | Build | Stone Wall |
| 26:56 | Queue | Villager (Male) |
| 26:57 | Queue | Villager (Male) |
| 26:57 | Queue | Villager (Male) |
| 27:10 | Build | Town Center |
| 27:19 | Build | Town Center |
| 27:29 | Build | Monastery |
| 27:31 | Queue | Villager (Male) |
| 27:31 | Queue | Villager (Male) |
| 27:33 | Research | Wheelbarrow |
| 27:44 | Queue | Villager (Male) |
| 28:31 | Build | Mill |
| 28:33 | Build | Farm |
| 28:33 | Build | Farm |
| 28:33 | Build | Farm |
| 28:33 | Build | Farm |
| 28:34 | Build | Farm |
| 28:37 | Queue | Villager (Male) |
| 28:41 | Queue | Monk |
| 28:47 | Queue | Monk |
| 29:20 | Queue | Villager (Male) |
| 29:26 | Build | House |
| 29:28 | Build | House |
| 29:29 | Build | House |
| 29:29 | Build | House |
| 29:31 | Build | House |
| 29:32 | Build | House |
| 29:32 | Build | House |
| 29:33 | Build | House |
| 29:33 | Build | House |
| 29:33 | Build | House |
| 29:42 | Queue | Villager (Male) |
| 29:43 | Queue | Villager (Male) |
| 29:43 | Queue | Villager (Male) |
| 29:43 | Queue | Villager (Male) |
| 29:43 | Queue | Villager (Male) |
| 29:44 | Queue | Villager (Male) |
| 29:44 | Queue | Villager (Male) |
| 30:15 | Queue | Villager (Male) |
| 30:16 | Queue | Villager (Male) |
| 30:19 | Build | Farm |
| 30:36 | Queue | Villager (Male) |
| 30:36 | Queue | Villager (Male) |
| 30:36 | Queue | Villager (Male) |
| 30:37 | Queue | Villager (Male) |
| 30:40 | Build | Farm |
| 30:40 | Build | Farm |
| 30:40 | Build | Farm |
| 30:42 | Build | Farm |
| 30:47 | Queue | Villager (Male) |
| 30:59 | Build | Lumber Camp |
| 31:10 | Queue | Villager (Male) |
| 31:11 | Queue | Villager (Male) |
| 31:11 | Queue | Villager (Male) |
| 31:20 | Research | Iron Casting |
| 31:30 | Queue | Villager (Male) |
Build order — Crooked Cops
133 actions detected in the replay
| 1:05 | Build | Town Center |
| 2:39 | Build | House |
| 3:14 | Build | House |
| 3:16 | Queue | Villager (Male) |
| 3:16 | Queue | Villager (Male) |
| 3:17 | Queue | Villager (Male) |
| 3:17 | Queue | Villager (Male) |
| 4:27 | Queue | Villager (Male) |
| 6:12 | Queue | Villager (Male) |
| 6:14 | Queue | Villager (Male) |
| 6:14 | Queue | Villager (Male) |
| 6:16 | Queue | Villager (Male) |
| 7:19 | Queue | Villager (Male) |
| 7:51 | Research | Loom |
| 8:32 | Build | Mill |
| 8:39 | Queue | Villager (Male) |
| 9:03 | Build | Farm |
| 9:05 | Build | Farm |
| 9:20 | Build | Farm |
| 9:25 | Build | Farm |
| 9:29 | Queue | Villager (Male) |
| 9:29 | Queue | Villager (Male) |
| 10:45 | Queue | Villager (Male) |
| 10:57 | Build | Lumber Camp |
| 11:12 | Queue | Villager (Male) |
| 11:12 | Queue | Villager (Male) |
| 11:24 | Build | House |
| 11:29 | Research | Feudal Age |
| 11:46 | Build | Mining Camp |
| 12:20 | Queue | Villager (Male) |
| 13:02 | Build | Barracks |
| 13:39 | Age | Feudal Age |
| 13:41 | Build | Palisade Wall |
| 13:43 | Queue | Villager (Male) |
| 13:46 | Research | Double-Bit Axe |
| 14:02 | Build | Palisade Gate |
| 14:07 | Queue | Villager (Male) |
| 14:21 | Build | House |
| 14:25 | Research | Horse Collar |
| 14:27 | Queue | Villager (Male) |
| 14:31 | Queue | Spearman |
| 14:31 | Queue | Spearman |
| 14:58 | Build | House |
| 15:35 | Build | Palisade Wall |
| 15:40 | Build | Palisade Gate |
| 15:47 | Build | Palisade Wall |
| 15:51 | Queue | Villager (Male) |
| 15:51 | Queue | Villager (Male) |
| 16:45 | Build | Stable |
| 16:47 | Queue | Villager (Male) |
| 16:48 | Queue | Villager (Male) |
| 17:04 | Build | Farm |
| 17:05 | Build | Farm |
| 17:50 | Queue | Villager (Male) |
| 17:53 | Queue | Villager (Male) |
| 18:06 | Build | House |
| 18:32 | Queue | Scout Cavalry |
| 18:50 | Build | Farm |
| 19:07 | Build | Palisade Wall |
| 19:26 | Queue | Scout Cavalry |
| 19:29 | Queue | Villager (Male) |
| 19:45 | Build | Farm |
| 20:27 | Research | Bloodlines |
| 20:34 | Build | Stable |
| 20:47 | Queue | Scout Cavalry |
| 20:51 | Queue | Villager (Male) |
| 20:51 | Queue | Villager (Male) |
| 21:30 | Queue | Villager (Male) |
| 21:54 | Build | House |
| 21:59 | Queue | Villager (Male) |
| 22:14 | Build | Farm |
| 22:16 | Build | Farm |
| 22:18 | Build | Farm |
| 22:21 | Build | Farm |
| 22:23 | Build | Farm |
| 22:26 | Build | Farm |
| 22:38 | Build | House |
| 22:40 | Build | House |
| 23:29 | Queue | Spearman |
| 23:30 | Queue | Spearman |
| 23:30 | Queue | Spearman |
| 23:39 | Build | Archery Range |
| 23:54 | Build | House |
| 24:08 | Queue | Archer |
| 24:08 | Queue | Archer |
| 24:08 | Queue | Archer |
| 24:08 | Queue | Archer |
| 24:20 | Queue | Militia |
| 24:22 | Queue | Spearman |
| 24:23 | Queue | Spearman |
| 24:49 | Queue | Spearman |
| 24:59 | Queue | Spearman |
| 25:04 | Build | Barracks |
| 25:13 | Build | Palisade Gate |
| 25:26 | Queue | Spearman |
| 25:35 | Queue | Spearman |
| 25:35 | Queue | Spearman |
| 26:35 | Queue | Spearman |
| 26:45 | Research | Wheelbarrow |
| 26:48 | Queue | Spearman |
| 27:15 | Build | Stable |
| 27:29 | Build | Farm |
| 27:53 | Queue | Skirmisher |
| 27:53 | Queue | Skirmisher |
| 28:38 | Queue | Scout Cavalry |
| 28:38 | Queue | Scout Cavalry |
| 28:53 | Build | Market |
| 29:42 | Research | Castle Age |
| 30:38 | Build | Stable |
| 30:48 | Queue | Spearman |
| 30:49 | Queue | Spearman |
| 30:49 | Queue | Spearman |
| 30:58 | Build | Blacksmith |
| 31:21 | Queue | Skirmisher |
| 31:21 | Queue | Skirmisher |
| 31:25 | Queue | Scout Cavalry |
| 31:26 | Queue | Scout Cavalry |
| 31:53 | Queue | Villager (Male) |
| 32:22 | Age | Castle Age |
| 32:38 | Queue | Villager (Male) |
| 32:57 | Research | Fletching |
| 33:10 | Queue | Knight |
| 33:12 | Queue | Steppe Lancer |
| 33:18 | Build | Farm |
| 33:44 | Queue | Villager (Male) |
| 33:46 | Queue | Villager (Male) |
| 34:08 | Queue | Steppe Lancer |
| 34:20 | Queue | Villager (Male) |
| 35:06 | Queue | Steppe Lancer |
| 35:06 | Queue | Steppe Lancer |
| 35:25 | Queue | Steppe Lancer |
| 35:33 | Build | Farm |
| 38:30 | Build | Castle |
Build order — vibhuyasha
First 150 of 242 actions detected
| 1:19 | Build | Town Center |
| 3:29 | Build | House |
| 3:33 | Build | House |
| 4:11 | Queue | Villager (Male) ×4 |
| 4:11 | Research | Loom |
| 5:12 | Build | House |
| 5:58 | Queue | Villager (Male) |
| 5:59 | Queue | Villager (Male) |
| 5:59 | Queue | Villager (Male) |
| 6:28 | Queue | Villager (Male) |
| 6:28 | Queue | Villager (Male) |
| 7:18 | Queue | Villager (Male) |
| 7:18 | Queue | Villager (Male) |
| 7:18 | Queue | Villager (Male) |
| 7:33 | Queue | Villager (Male) |
| 7:33 | Queue | Villager (Male) |
| 8:21 | Queue | Villager (Male) |
| 8:22 | Queue | Villager (Male) |
| 8:22 | Queue | Villager (Male) |
| 8:33 | Build | Mill |
| 8:54 | Queue | Villager (Male) ×3 |
| 8:55 | Queue | Villager (Male) ×3 |
| 9:22 | Queue | Villager (Male) |
| 9:22 | Queue | Villager (Male) |
| 9:53 | Queue | Villager (Male) |
| 9:53 | Queue | Villager (Male) |
| 10:33 | Build | House |
| 10:33 | Build | House |
| 10:34 | Build | House |
| 10:36 | Build | House |
| 10:43 | Queue | Villager (Male) |
| 10:43 | Queue | Villager (Male) |
| 10:43 | Queue | Villager (Male) |
| 10:44 | Queue | Villager (Male) |
| 11:10 | Build | Barracks |
| 11:43 | Queue | Villager (Male) |
| 11:43 | Queue | Villager (Male) |
| 11:43 | Queue | Villager (Male) |
| 12:20 | Queue | Villager (Male) |
| 12:20 | Queue | Villager (Male) |
| 12:20 | Queue | Villager (Male) |
| 12:50 | Build | Barracks |
| 12:54 | Build | House |
| 12:56 | Build | House |
| 12:58 | Build | House |
| 13:00 | Build | House |
| 13:02 | Build | House |
| 13:04 | Build | House |
| 13:05 | Build | House |
| 13:14 | Build | House |
| 13:21 | Build | House |
| 13:35 | Build | Mill |
| 15:35 | Research | Feudal Age |
| 17:33 | Build | Mill |
| 17:39 | Queue | Villager (Male) ×5 |
| 17:45 | Age | Feudal Age |
| 18:07 | Build | Stone Wall |
| 18:19 | Build | Gate |
| 18:34 | Build | Mining Camp |
| 19:06 | Build | Stone Wall |
| 19:24 | Build | Stone Wall |
| 19:27 | Build | Stone Wall |
| 19:46 | Build | Stone Wall |
| 19:59 | Build | Stone Wall |
| 20:17 | Build | Blacksmith |
| 20:21 | Build | Market |
| 20:42 | Build | Mill |
| 20:47 | Build | Gate |
| 21:16 | Queue | Villager (Male) |
| 21:16 | Queue | Villager (Male) |
| 22:18 | Build | Gate |
| 22:53 | Research | Castle Age |
| 23:18 | Research | Fletching |
| 23:27 | Build | Mill |
| 24:52 | Build | Archery Range |
| 25:33 | Age | Castle Age |
| 25:39 | Build | Stone Wall |
| 25:55 | Build | Town Center |
| 26:36 | Research | Bodkin Arrow |
| 26:43 | Research | Thumb Ring |
| 26:57 | Build | Castle |
| 27:02 | Build | University |
| 27:47 | Build | University |
| 28:02 | Build | Lumber Camp |
| 28:33 | Build | Town Center |
| 28:44 | Queue | Villager (Male) |
| 28:44 | Queue | Villager (Male) |
| 28:45 | Queue | Villager (Male) |
| 28:45 | Queue | Villager (Male) |
| 28:45 | Queue | Villager (Male) |
| 28:50 | Research | Horse Collar |
| 28:59 | Build | Gate |
| 29:06 | Queue | Villager (Male) |
| 29:06 | Queue | Villager (Male) |
| 29:06 | Queue | Villager (Male) |
| 29:23 | Build | Farm |
| 29:23 | Build | Farm |
| 29:23 | Build | Farm |
| 29:23 | Build | Farm |
| 29:24 | Build | Farm |
| 29:24 | Build | Farm |
| 29:24 | Build | Farm |
| 29:25 | Build | Farm |
| 29:25 | Build | Farm |
| 30:09 | Queue | Villager (Male) ×5 |
| 30:09 | Queue | Villager (Male) ×5 |
| 30:35 | Queue | War Wagon |
| 30:35 | Queue | War Wagon |
| 30:35 | Queue | War Wagon |
| 31:10 | Queue | War Wagon |
| 31:10 | Queue | War Wagon |
| 31:38 | Queue | Villager (Male) |
| 31:39 | Queue | Villager (Male) |
| 31:39 | Queue | Villager (Male) |
| 31:54 | Queue | War Wagon |
| 31:54 | Queue | War Wagon |
| 32:20 | Build | Castle |
| 32:22 | Queue | War Wagon |
| 32:22 | Queue | War Wagon |
| 32:23 | Queue | War Wagon |
| 32:23 | Queue | War Wagon |
| 32:23 | Queue | War Wagon |
| 32:36 | Queue | Villager (Male) |
| 32:37 | Queue | Villager (Male) |
| 32:37 | Queue | Villager (Male) |
| 32:37 | Queue | Villager (Male) |
| 32:50 | Queue | War Wagon |
| 32:51 | Queue | War Wagon |
| 33:10 | Research | Ballistics |
| 33:15 | Queue | War Wagon |
| 33:16 | Queue | War Wagon |
| 33:16 | Queue | War Wagon |
| 33:25 | Queue | Villager (Male) |
| 33:25 | Queue | Villager (Male) |
| 33:25 | Queue | Villager (Male) |
| 34:25 | Queue | War Wagon ×3 |
| 34:25 | Queue | War Wagon ×3 |
| 35:19 | Queue | Petard |
| 35:20 | Queue | Petard |
| 35:20 | Queue | Petard |
| 35:20 | Queue | Petard |
| 36:11 | Build | Town Center |
| 36:52 | Queue | War Wagon ×5 |
| 36:52 | Queue | War Wagon ×5 |
| 37:37 | Build | Farm |
| 37:37 | Build | Farm |
| 37:38 | Build | Farm |
| 37:38 | Build | Farm |
| 37:46 | Queue | Villager (Male) ×5 |
| 39:07 | Research | Crossbowman (upgrade) |
Match timeline
| 9:25 | scott.hurstell · first_building Barracks |
| 10:07 | Seheiah · first_building Barracks |
| 10:42 | Seheiah · wall_segment Palisade Wall x4 |
| 11:10 | vibhuyasha · first_building Barracks |
| 13:02 | Crooked Cops · first_building Barracks |
| 13:08 | CDLP_Themachine · first_building Barracks |
| 13:39 | Crooked Cops · age_up feudal |
| 13:41 | Crooked Cops · wall_segment Palisade Wall x6 |
| 14:31 | [RbF] Stickly · first_building Barracks |
| 15:05 | CDLP_Themachine · age_up feudal |
| 15:32 | BiggM4k · age_up feudal |
| 15:35 | Crooked Cops · wall_segment Palisade Wall x12 |
| 15:38 | BiggM4k · first_building Barracks |
| 15:47 | Crooked Cops · wall_segment Palisade Wall x1 |
| 15:50 | yoramir · wall_segment Palisade Wall x1 |
| 15:51 | yoramir · wall_segment Palisade Wall x1 |
| 16:10 | [RbF] Stickly · age_up feudal |
| 16:22 | yoramir · first_building Barracks |
| 16:22 | [RbF] Stickly · first_building Stable |
| 16:25 | scott.hurstell · age_up feudal |
| 16:28 | Seheiah · age_up feudal |
| 16:34 | Seheiah · first_building Stable |
| 16:36 | scott.hurstell · wall_segment Stone Wall x4 |
| 16:45 | Crooked Cops · first_building Stable |
| 17:08 | scott.hurstell · wall_segment Stone Wall x7 |
| 17:09 | [RbF] Stickly · wall_segment Stone Wall x5 |
| 17:13 | BiggM4k · first_building Stable |
| 17:24 | yoramir · age_up feudal |
| 17:33 | BiggM4k · wall_segment Palisade Wall x11 |
| 17:45 | vibhuyasha · age_up feudal |
| 17:52 | scott.hurstell · wall_segment Stone Wall x7 |
| 18:07 | vibhuyasha · wall_segment Stone Wall x24 |
| 18:21 | CDLP_Themachine · wall_segment Palisade Wall x1 |
| 18:50 | [RbF] Stickly · wall_segment Stone Wall x15 |
| 19:02 | Seheiah · wall_segment Stone Wall x5 |
| 19:06 | vibhuyasha · wall_segment Stone Wall x5 |
| 19:07 | Crooked Cops · wall_segment Palisade Wall x5 |
| 19:15 | Seheiah · wall_segment Stone Wall x12 |
| 19:22 | Seheiah · wall_segment Stone Wall x4 |
| 19:24 | vibhuyasha · wall_segment Stone Wall x9 |
| 19:27 | vibhuyasha · wall_segment Stone Wall x8 |
| 19:33 | [RbF] Stickly · wall_segment Stone Wall x3 |
| 19:41 | Seheiah · wall_segment Stone Wall x6 |
| 19:46 | vibhuyasha · wall_segment Stone Wall x5 |
| 19:59 | vibhuyasha · wall_segment Stone Wall x1 |
| 19:59 | [RbF] Stickly · wall_segment Stone Wall x24 |
| 20:00 | Seheiah · wall_segment Stone Wall x15 |
| 20:49 | yoramir · wall_segment Stone Wall x15 |
| 21:12 | BiggM4k · age_up castle |
| 21:15 | Seheiah · age_up castle |
| 21:20 | CDLP_Themachine · age_up castle |
| 21:27 | yoramir · age_up castle |
| 21:27 | Seheiah · first_building Monastery |
| 22:38 | scott.hurstell · wall_segment Stone Wall x9 |
| 22:46 | scott.hurstell · wall_segment Stone Wall x7 |
| 22:51 | vibhuyasha · first_market_buy 100 food |
| 23:00 | [RbF] Stickly · wall_segment Stone Wall x4 |
| 23:39 | Crooked Cops · first_building Archery Range |
| 23:41 | CDLP_Themachine · first_building Castle |
| 23:58 | CDLP_Themachine · first_building Siege Workshop |
| 24:01 | yoramir · first_building Archery Range |
| 24:30 | scott.hurstell · age_up castle |
| 24:43 | CDLP_Themachine · first_building Archery Range |
| 24:50 | CDLP_Themachine · wall_segment Palisade Wall x10 |
| 24:52 | vibhuyasha · first_building Archery Range |
| 25:08 | scott.hurstell · wall_segment Stone Wall x15 |
| 25:11 | scott.hurstell · wall_segment Stone Wall x5 |
| 25:33 | vibhuyasha · age_up castle |
| 25:39 | vibhuyasha · wall_segment Stone Wall x10 |
| 26:08 | [RbF] Stickly · age_up castle |
| 26:30 | CDLP_Themachine · wall_segment Palisade Wall x1 |
| 26:31 | CDLP_Themachine · wall_segment Palisade Wall x1 |
| 26:36 | CDLP_Themachine · wall_segment Palisade Wall x1 |
| 26:38 | [RbF] Stickly · first_building Castle |
| 26:53 | [RbF] Stickly · wall_segment Stone Wall x1 |
| 26:57 | vibhuyasha · first_building Castle |
| 27:15 | Seheiah · first_building Castle |
| 27:29 | [RbF] Stickly · first_building Monastery |
| 27:44 | yoramir · first_building Castle |
| 27:49 | CDLP_Themachine · first_building Monastery |
| 29:59 | BiggM4k · first_building Siege Workshop |
| 30:33 | Seheiah · wall_segment Stone Wall x5 |
| 30:52 | Seheiah · wall_segment Stone Wall x4 |
| 31:09 | scott.hurstell · first_building Castle |
| 31:36 | scott.hurstell · wall_segment Stone Wall x6 |
| 31:44 | BiggM4k · wall_segment Palisade Wall x12 |
| 31:52 | CDLP_Themachine · first_market_buy 100 food |
| 32:22 | Crooked Cops · age_up castle |
| 32:58 | vibhuyasha · first_market_sell 100 stone |
| 34:51 | Seheiah · age_up imperial |
| 35:24 | BiggM4k · first_building Archery Range |
| 36:14 | Crooked Cops · first_market_sell 100 wood |
| 36:17 | Crooked Cops · first_market_buy 100 stone |
| 36:19 | BiggM4k · wall_segment Stone Wall x12 |
| 37:04 | BiggM4k · wall_segment Stone Wall x10 |
| 37:09 | yoramir · first_market_sell 100 wood |
| 38:30 | Crooked Cops · first_building Castle |
| 38:38 | Crooked Cops · resign |
| 39:20 | yoramir · age_up imperial |
| 39:39 | vibhuyasha · wall_segment Stone Wall x7 |
| 40:19 | [RbF] Stickly · age_up imperial |
| 40:49 | BiggM4k · wall_segment Stone Wall x1 |
| 40:51 | BiggM4k · wall_segment Stone Wall x4 |
| 41:10 | vibhuyasha · wall_segment Stone Wall x6 |
| 41:43 | BiggM4k · wall_segment Stone Wall x1 |
| 41:48 | BiggM4k · wall_segment Stone Wall x20 |
| 41:55 | vibhuyasha · first_building Monastery |
| 42:13 | scott.hurstell · age_up imperial |
| 42:39 | vibhuyasha · wall_segment Stone Wall x4 |
| 42:57 | Seheiah · first_market_buy 100 stone |
| 43:13 | scott.hurstell · wall_segment Stone Wall x3 |
| 44:01 | scott.hurstell · wall_segment Stone Wall x10 |
| 44:59 | scott.hurstell · wall_segment Stone Wall x2 |
| 48:17 | yoramir · first_building Stable |
| 48:50 | vibhuyasha · age_up imperial |
| 50:02 | Seheiah · wall_segment Stone Wall x6 |
| 50:56 | Seheiah · wall_segment Stone Wall x18 |
[ AI ANALYSIS · 1 CREDIT ]
What really happened in this match?
Wolo.gg analyzes every decision: build order, eco, micro, common mistakes by bracket. Personalized analysis on WhatsApp or Discord in 30 seconds.
Civ guide
Bohemians
Perfil
Jugador #2326356